 Dungeon Crawl Stone Soup version 0.20-a0-631-g6870b83 (webtiles) character file.

1600537 Angani the Axe Maniac (level 26, 246/246 HPs)
             Began as a Hill Orc Gladiator on Feb 11, 2017.
             Was the Champion of Beogh.
             Escaped with the Orb
             ... and 3 runes!
             The game lasted 04:29:25 (71532 turns).

Angani the Axe Maniac (Hill Orc Gladiator)         Turns: 71532, Time: 04:29:26

Health: 246/246    AC: 45    Str: 35    XL:     26   Next: 42%
Magic:  49/49      EV: 13    Int:  6    God:    Beogh [******]
Gold:   4186       SH: 35    Dex: 15    Spells: 23/25 levels left

rFire    + + +     SeeInvis +   v - +10 war axe of the Fifty Hells {chop, rElec rF+}
rCold    x . .     Gourm    .   Q - +10 storm dragon scales
rNeg     + + +     Faith    .   H - +10 large shield of Ignorance {rN+ Int-4}
rPois    +         Spirit   .   c - +0 helmet
rElec    +         Reflect  .   F - +4 cloak "Egaj" {Int+2 SInv}
rCorr    .         Harm     .   O - +1 pair of gloves {Dex+3}
MR       +....                  o - +2 pair of boots {Fly}
Stlth    ..........             E - amulet "Halyiw" {*Drain rF+ rN++ Regen+}
Regen    1.0/turn               X - ring of fire
                                n - ring of Awe {rPois MP+9 Str+4}

@: no status effects
A: walk on water, thin metallic scales 1, slow regeneration 1, strong 1, sturdy
frame 1
0: Orb of Zot
}: 3/15 runes: barnacled, silver, gossamer
a: Smiting, Recall Orcish Followers, Give Item to Named Follower, Resurrection,
Renounce Religion, Evoke Flight


You escaped.
You worshipped Beogh.
Beogh was exalted by your worship.
You were full.

You visited 10 branches of the dungeon, and saw 50 of its levels.
You also visited: Labyrinth, Ice Cave and Wizlab.

You collected 6835 gold pieces.
You spent 2649 gold pieces at shops.

Inventory:

Hand Weapons
 v - the +10 war axe of the Fifty Hells (weapon) {chop, rElec rF+}
   (You found it on level 4 of the Shoals)

   It inflicts extra damage upon your enemies.
   It protects you from fire.
   It insulates you from electricity.
Missiles
 d - 8 throwing nets (quivered)
Armour
 c - a +0 helmet (worn)
 o - a +2 pair of boots of flying (worn)
 F - the +4 cloak "Egaj" (worn) {Int+2 SInv}
   (You bought it in a shop on level 2 of the Orcish Mines)

   It affects your intelligence (+2).
   It lets you see invisible.
 H - the +10 large shield of Ignorance (worn) {rN+ Int-4}
   (You found it in a wizard's laboratory)

   It affects your intelligence (-4).
   It protects you from negative energy.
 O - a +1 pair of gloves of dexterity (worn)
 Q - +10 storm dragon scales (worn)
Jewellery
 n - the ring of Awe (left hand) {rPois MP+9 Str+4}
   (You bought it in a shop on level 8 of the Dungeon)

   [ring of magical power]

   It affects your strength (+4).
   It protects you from poison.
   It affects your magic capacity (+9).
 w - an uncursed ring of protection from cold
 E - the amulet "Halyiw" (around neck) {*Drain rF+ rN++ Regen+}
   (You acquired it on level 1 of the Vaults)

   [amulet of regeneration]

   It protects you from fire.
   It greatly protects you from negative energy.
   It increases your rate of regeneration.
   It causes draining when unequipped.
 M - the ring "Cuokha" {+Inv MR+}
   (You acquired it on level 3 of the Vaults)

   [ring of protection from magic]

   It affects your resistance to hostile enchantments.
   It lets you turn invisible.
 X - a ring of fire (right hand)
Wands
 l - a wand of disintegration (11/24)
 G - a wand of scattershot (5/9)
Scrolls
 b - 29 scrolls of teleportation
 e - 7 scrolls of magic mapping
 g - 17 scrolls of remove curse
 k - 6 scrolls of recharging
 m - 4 scrolls of amnesia
 q - 9 scrolls of fog
 s - 2 scrolls of silence
 t - 12 scrolls of fear
 y - 11 scrolls of identify
 I - a scroll of summoning
 K - 3 scrolls of blinking
 L - 3 scrolls of holy word
 S - 4 scrolls of immolation
 W - a scroll of brand weapon
 Z - 3 scrolls of enchant weapon
Potions
 a - 12 potions of flight
 h - 4 potions of resistance
 i - 9 potions of brilliance
 j - 10 potions of heal wounds
 r - 5 potions of magic
 u - 4 potions of ambrosia
 C - 7 potions of lignification
 D - 2 potions of curing
 J - 4 potions of haste
 N - 4 potions of agility
 P - 2 potions of invisibility
 U - 2 potions of berserk rage
 V - a potion of cancellation
Miscellaneous
 A - a lamp of fire
 T - a lightning rod (4/4)
Comestibles
 f - 2 bread rations
 x - 4 meat rations


   Skills:
 - Level 21.9 Fighting
 O Level 27 Axes
 - Level 1.7 Throwing
 + Level 20.1 Armour
 - Level 6.0 Dodging
 - Level 20.0 Shields
 O Level 27 Invocations


You had 23 spell levels left.
You knew the following spells:

 Your Spells              Type           Power        Failure   Level  Hunger
a - Apportation           Tloc           #.....       99%         1    ##.....
b - Summon Butterflies    Summ           #.......     99%         1    ##.....


Dungeon Overview and Level Annotations

Branches:
Dungeon (15/15)            Temple (1/1) D:7            Lair (6/6) D:10
 Shoals (4/4) Lair:3       Spider (4/4) Lair:2        Slime (0/5) Lair:6
    Orc (2/2) D:9             Elf (0/3) Orc:2        Vaults (5/5) D:13
  Crypt (3/3) Vaults:3       Tomb (0/3) Crypt:3      Depths (5/5) D:15
    Zot (5/5) Depths:5

Altars:
Ashenzari
Cheibriados
Dithmenos
Elyvilon
Fedhas
Gozag
Hepliaklqana
Kikubaaqudgha
Makhleb
Nemelex Xobeh
Okawaru
Qazlal
Ru
Sif Muna
Trog
Uskayaw
Vehumet
Xom
Yredelemnul
Zin
The Shining One
Beogh
Jiyva

Shops:
D:4 (   D:8 =(   D:10 }   D:11 [   Orc:2 %([!   Shoals:1 [   Vaults:3 :
Vaults:4 *}%}=   Depths:3 *

Portals:
Hell: Lair:6 Depths:1 Depths:2 Depths:3 Depths:4 Depths:5
Abyss: Depths:1 Depths:4
Pandemonium: Depths:1 Depths:2 Depths:3
Ziggurat: Depths:5

Annotations:
Lair:6 exclusion: 2 oklob plants


Innate Abilities, Weirdness & Mutations

You can walk on water.
You are partially covered in thin metallic scales. (AC +2)
You regenerate slowly when monsters are visible.
Your muscles are strong. (Str +2)
Your movements are slightly less encumbered by armour. (ER -2)


Message History

You see here 22 arrows.
There is a stone staircase leading up here.
You climb upwards.
There is a stone staircase leading down here.
Unknown command.
You see here 10 stones.
A smoke demon comes into view.
A smoke demon is nearby!
A smoke demon is nearby!
A smoke demon is nearby!
A smoke demon is nearby!
You slice the smoke demon!!
The smoke demon is severely wounded.
You slice the smoke demon like a ripe choko!!!
You kill the smoke demon!
Beogh accepts your kill.
No target in view!
No target in view!
There is a staircase leading out of the dungeon here.
You have escaped!

###.#..#.......##### #......###
.................(># #........#
###.#..#######.##### #......#.#
###.#..####.##.###############.#
.##.#..#.......#.............>.#
.#...#.#.#######..#..#..#..#...#
...#...........#..[............#
..##...#.#####.#...............#
.....#[........#@............>.#
##.#[##).......#...............#
.#.......)####.#...............#
...##..........#..#..#..#..#..##
#..#........#..#.............>#
..........#.#..################
....#.......#..###########.#
....#.......#..............##
....#.......#.#########.....#


There were no monsters in sight!

Vanquished Creatures
  Mara (Crypt:3)
  An orb of fire (Zot:1)
  An ancient lich (Crypt:3)
  Sojobo (Vaults:2)
  Frederick (Vaults:3)
  A curse toe (Zot:4)
  Xtahua (Vaults:3)
  3 Killer Klowns (Zot:5)
  2 golden dragons
  A bone dragon (Depths:5)
  the Enchantress (Depths:2)
  Jory (Vaults:4)
  An electric golem (Zot:5)
  10 Orb Guardians
  A Cloud Mage (WizLab)
  Jorgrun (Depths:4)
  2 tentacled monstrosities
  6 liches
  A titan (Depths:4)
  3 sphinxes
  A quicksilver dragon (Vaults:5)
  2 death cobs
  An eldritch tentacle (Zot:4)
  Donald (Shoals:1)
  An Executioner (Depths:4)
  9 storm dragons
  4 shadow dragons
  5 tengu reavers
  2 fire giants
  11 vault wardens
  2 deep elf sorcerers
  A draconian knight (Zot:1)
  5 frost giants
  2 ghost moths (Spider:4)
  6 emperor scorpions
  A cacodemon (D:3)
  A draconian scorcher (Zot:5)
  A draconian stormcaller (Zot:4)
  An iron dragon (Depths:5)
  A balrug (Depths:4)
  6 ghouls
  2 draconian shifters (Zot:4)
  A draconian annihilator (Zot:1)
  A curse skull (Crypt:3)
  15 ironheart preservers
  3 reapers
  15 stone giants
  5 vampire knights
  13 very ugly things
  4 green draconians
  2 deep elf demonologists
  An entropy weaver (Spider:4)
  2 spark wasps
  2 black draconians
  A purple draconian (Zot:5)
  4 white draconians
  3 yellow draconians
  2 deep elf annihilators
  4 red draconians
  7 ettins
  An eidolon (Crypt:2)
  A minotaur (Lab)
  11 jiangshi
  12 yaktaur captains
  A crystal guardian (Vaults:4)
  5 great orbs of eyes
  7 fire dragons
  4 merfolk impalers
  2 quicksilver dragon skeletons
  5 deep elf high priests
  10 ogre magi
  5 spriggan air magi
  7 ice dragons
  A hell beast (Depths:2)
  21 vault guards
  3 rakshasas
  A catoblepas (D:15)
  3 merfolk avatars
  5 death knights
  4 centaur warriors
  3 deep troll shamans
  30 two-headed ogres
  A satyr (Shoals:4)
  8 tengu warriors
  A deep troll earth mage (Depths:4)
  A small abomination (Vaults:5)
  7 vampire magi
  8 hell knights
  3 sun demons
  3 spriggan berserkers
  8 deep elf knights
  3 iron trolls
  3 soul eaters
  2 shadow wraiths
  A titan skeleton (Crypt:1)
  30 skeletal warriors
  A storm dragon skeleton (Crypt:2)
  2 glowing orange brains
  7 sea snakes
  6 unseen horrors
  11 deep trolls
  3 flayed ghosts
  2 spark wasp zombies (Depths:3)
  6 wizards
  2 deep trolls (shapeshifter)
  A kraken simulacrum (Shoals:4)
  5 deep elf archers
  10 ironbrand convokers
  4 necromancers
  9 orb spiders
  5 orc knights
  6 harpies
  6 phantasmal warriors
  A harpy (shapeshifter) (Vaults:4)
  2 anaconda skeletons
  A fire giant zombie (Crypt:3)
  A shadow dragon zombie (Crypt:3)
  5 cyclopes
  2 orc sorcerers
  14 deep elf magi
  6 fauns
  2 shining eyes (shapeshifter)
  23 ugly things
  15 wolf spiders
  11 manticores
  2 iron dragon skeletons (Crypt:2)
  6 moths of wrath
  A manticore (shapeshifter) (Vaults:1)
  6 rust devils
  2 stone giant skeletons (Crypt:2)
  5 black mambas
  13 vault sentinels
  A frost giant skeleton (Depths:3)
  A fire giant skeleton (Crypt:3)
  2 ice statues (IceCv)
  4 merfolk sirens
  2 water nymphs (Shoals:4)
  A torpor snail (Lair:6)
  8 spiny frogs
  A guardian serpent (shapeshifter) (Depths:2)
  4 smoke demons
  A gargoyle (Crypt:3)
  3 centaur zombies
  A purple draconian zombie (Crypt:1)
  3 dire elephant skeletons
  A yaktaur zombie (Vaults:5)
  A redback zombie (D:14)
  7 komodo dragons
  2 komodo dragons (shapeshifter)
  2 orange demons
  43 yaktaurs
  7 demonic crawlers
  2 kobold demonologists
  14 freezing wraiths
  2 efreet (Depths:4)
  A red draconian skeleton (Crypt:1)
  7 red devils
  A harpy zombie (Crypt:3)
  A spark wasp simulacrum (Depths:3)
  9 ice devils
  A catoblepas skeleton (Crypt:2)
  5 hellwings
  2 tengu conjurers
  4 jumping spiders
  10 merfolk
  11 wind drakes
  A polar bear (shapeshifter) (Depths:4)
  3 trolls
  A shadow dragon simulacrum (Vaults:5)
  2 hornets
  A harpy skeleton (Crypt:3)
  A minotaur skeleton (Crypt:1)
  6 blink frogs
  2 bog bodies
  A hippogriff (shapeshifter) (Vaults:4)
  2 snapping turtles
  7 dream sheep
  14 hippogriffs
  12 flying skulls
  An ice dragon zombie (Crypt:3)
  34 redbacks
  27 slime creatures
  A black mamba zombie (Crypt:3)
  3 shadows
  2 vampires (Crypt:3)
  3 spriggans (Depths:2)
  A tarantella (shapeshifter) (Depths:2)
  9 tarantellas
  30 air elementals
  2 wyverns
  4 fire dragon skeletons (Crypt:2)
  9 wraiths
  37 yaks
  8 water elementals
  A ynoxinul (D:13)
  A basilisk (Lair:6)
  A golden eye (shapeshifter) (Vaults:1)
  14 insubstantial wisps (WizLab)
  2 vampire mosquitoes (D:14)
  5 hungry ghosts
  3 chaos spawn
  5 wargs
  2 acid dragons
  Edmund (D:4)
  9 water moccasins
  7 hell hounds
  8 porcupines
  A floating eye (Depths:2)
  2 ettin simulacra (Depths:4)
  A faun skeleton (Crypt:1)
  2 sky beasts
  4 ice beasts
  17 orc warriors
  A manticore zombie (Crypt:3)
  4 necrophages
  45 ogres
  4 phantoms
  3 eyes of draining
  A wolf (Lair:6)
  13 centaurs
  10 boggarts
  7 crocodiles
  A swamp dragon skeleton (Crypt:2)
  A manticore skeleton (Crypt:2)
  A big kobold (D:14)
  A salamander zombie (Crypt:1)
  20 bullfrogs
  A salamander skeleton (Crypt:1)
  2 wyvern zombies
  11 scorpions
  7 killer bees
  12 wights
  6 howler monkeys
  11 crimson imps
  3 bullfrog zombies
  2 quasits
  A wolf skeleton (Crypt:2)
  A human simulacrum (Vaults:3)
  4 jellies
  19 orc wizards
  7 orc priests
  A centaur skeleton (D:11)
  2 iron imps
  6 hounds
  Ijyb (D:2)
  Jessica (D:2)
  2 iguanas
  A porcupine zombie (Crypt:2)
  17 worker ants
  A tengu skeleton (Crypt:2)
  A hound zombie (D:10)
  4 hound skeletons
  A worker ant zombie (D:3)
  A howler monkey zombie (D:5)
  13 adders
  6 gnolls
  A howler monkey skeleton (D:11)
  3 shadow imps
  3 white imps (IceCv)
  9 ufetubi (IceCv)
  An ooze (D:3)
  An adder skeleton (D:4)
  5 worms
  7 dart slugs
  6 leopard geckos
  34 orcs
  A bat skeleton (Crypt:2)
  4 giant cockroaches
  4 goblins
  7 hobgoblins
  20 jackals
  7 kobolds
  2 quokkas
  3 ball pythons
  14 bats
  A dart slug zombie (Crypt:2)
  6 frilled lizards
  2 leopard gecko skeletons (D:3)
  A leopard gecko zombie (D:6)
  7 rats
  4 crawling corpses (Vaults:5)
  3 fungi
  5 plants
  3 withered plants (Crypt:3)
1512 creatures vanquished.

Vanquished Creatures (collateral kills)
  An ancient lich (Zot:5)
  A juggernaut (Depths:4)
  A Killer Klown (Zot:5)
  6 golden dragons
  2 bone dragons
  4 liches
  5 tentacled monstrosities
  A titan (Vaults:4)
  13 Orb Guardians (Zot:5)
  2 quicksilver dragons
  Frances (D:13)
  A death cob (Zot:5)
  3 sphinxes
  2 ancient champions
  4 storm dragons
  A shadow dragon (Vaults:5)
  A revenant (Crypt:1)
  3 tengu reavers
  2 draconian knights
  2 fire giants
  3 iron dragons
  A deep elf sorcerer (Vaults:5)
  A frost giant (Depths:4)
  7 vault wardens
  5 emperor scorpions
  2 draconian shifters
  An orc warlord (Orc:2)
  A ghoul (Crypt:2)
  Aizul (Vaults:4)
  A deep elf elementalist (Vaults:5)
  2 war gargoyles (Crypt:3)
  11 stone giants
  3 spriggan defenders (Depths:2)
  An entropy weaver (shapeshifter) (Vaults:5)
  5 vampire knights
  3 ironheart preservers
  11 very ugly things
  An entropy weaver (Spider:4)
  A green draconian (Zot:4)
  A red draconian (Zot:1)
  2 yellow draconians
  2 purple draconians (Zot:4)
  3 black draconians
  5 spark wasps
  A spark wasp (shapeshifter) (Vaults:4)
  2 white draconians
  An eidolon (Crypt:2)
  A blizzard demon (Depths:4)
  3 merfolk javelineers
  8 ettins
  7 fire dragons
  7 jiangshi
  Snorg (D:11)
  4 merfolk impalers
  2 deep elf high priests (Depths:4)
  6 yaktaur captains
  6 ice dragons
  5 great orbs of eyes
  12 vault guards
  The ghost of Giannetos the Thaumaturge, a journeyman GrEE of Vehumet (D:12)
  5 spriggan air magi
  3 rakshasas
  4 hydras
  A merfolk avatar (Shoals:4)
  3 centaur warriors
  4 death knights
  Erica (D:11)
  15 tengu warriors
  2 satyrs
  7 ogre magi
  16 two-headed ogres
  4 deep troll earth magi
  3 deep troll shamans
  An orc high priest (Orc:2)
  7 spriggan berserkers (Depths:4)
  2 vampire magi
  A deep elf knight (Vaults:1)
  3 sun demons
  Sonja (Lair:2)
  A storm dragon zombie (Vaults:5)
  An iron troll (Depths:4)
  28 skeletal warriors
  2 soul eaters
  11 deep trolls
  2 small abominations (Vaults:5)
  A wizard (Vaults:1)
  14 hell knights
  2 quicksilver dragon simulacra (Depths:4)
  A glowing orange brain (Depths:5)
  A sea snake (shapeshifter) (Depths:3)
  A flayed ghost (Crypt:3)
  3 sea snakes
  6 phantasmal warriors
  3 ironbrand convokers
  2 golden dragon skeletons
  4 harpies
  4 necromancers
  9 deep elf magi
  A shadow dragon zombie (Crypt:3)
  3 deep elf archers
  7 orb spiders
  2 orc knights (Vaults:1)
  An iron dragon zombie (Depths:3)
  10 wolf spiders
  7 manticores
  A wolf spider zombie (Crypt:1)
  14 ugly things
  A shadow dragon skeleton (Vaults:5)
  A fire giant zombie (Crypt:3)
  2 cyclopes
  A salamander (shapeshifter) (Vaults:5)
  3 fauns
  6 moths of wrath
  A moth of wrath (shapeshifter) (Vaults:5)
  A centaur zombie (D:14)
  A merfolk siren (Shoals:4)
  7 vault sentinels
  A water nymph (Shoals:4)
  An ice statue (Depths:4)
  4 gargoyles
  A smoke demon (Crypt:3)
  2 iron dragon skeletons
  4 rust devils (Depths:4)
  3 black mambas (Lair:6)
  3 spiny frogs
  An orange demon (Lair:6)
  2 demonic crawlers
  A rime drake (Lair:6)
  15 yaktaurs
  3 kobold demonologists
  2 centaur skeletons
  5 komodo dragons
  5 freezing wraiths
  3 ice devils
  2 wind drakes
  5 red devils
  10 jumping spiders
  5 merfolk
  5 trolls
  3 hornets
  10 blink frogs
  5 hippogriffs
  26 slime creatures
  A hydra skeleton (Crypt:2)
  A bog body (Crypt:3)
  A death drake skeleton (Crypt:2)
  A harpy skeleton (Crypt:2)
  3 dream sheep
  An alligator skeleton (Crypt:2)
  A frost giant simulacrum (Vaults:5)
  An ettin zombie (Crypt:2)
  6 air elementals
  4 flying skulls
  2 vampires (Crypt:3)
  31 redbacks
  A wyvern (Lair:6)
  A spriggan (Lair:5)
  2 shadows
  5 wraiths
  2 basilisks
  18 yaks
  7 tarantellas (Spider:4)
  A black mamba skeleton (Crypt:3)
  2 water elementals (Depths:5)
  3 hungry ghosts
  Grum (D:11)
  2 acid dragons (Vaults:1)
  2 insubstantial wisps (WizLab)
  A vampire mosquito (D:14)
  A faun zombie (Crypt:2)
  4 wargs
  5 water moccasins
  A merfolk skeleton (Crypt:2)
  3 hell hounds
  8 orc warriors
  A porcupine (Lair:4)
  An ice beast (D:12)
  19 ogres
  3 wolves (D:11)
  3 ettin simulacra (Depths:4)
  8 centaurs
  3 crocodiles (Lair:6)
  A big kobold (D:14)
  A hog skeleton (Crypt:1)
  5 bullfrogs
  A water moccasin skeleton (D:11)
  2 scorpions (D:12)
  11 killer bees
  An orc simulacrum (Vaults:1)
  An electric eel (Spider:3)
  A wight (Crypt:2)
  A howler monkey (D:10)
  A crimson imp (D:15)
  3 hounds (D:12)
  A bullfrog zombie (D:12)
  3 orc priests
  5 orc wizards
  An iguana (D:14)
  A gnoll (D:8)
  2 adders
  An iguana zombie (Crypt:2)
  9 orcs
  2 kobolds
  2 crawling corpses (Vaults:5)
  12 fungi
  10 plants
  A tentacle (Shoals:4)
  5 withered plants (Crypt:3)
818 creatures vanquished.

Vanquished Creatures (others)
  7 orc warlords
  A titan (Vaults:5)
  A reaper (IceCv)
  A purple draconian (Zot:1)
  A deep elf death mage (Vaults:5)
  A great orb of eyes (Vaults:5)
  20 orc knights
  A shadow wraith (Vaults:3)
  4 orc sorcerers
  An orange demon (Depths:5)
  A yaktaur (Depths:3)
  A hornet (Vaults:5)
  19 orc warriors
  A chaos spawn (Depths:5)
  An insubstantial wisp (WizLab)
  An ettin simulacrum (Depths:4)
  A howler monkey (D:9)
  14 orc priests
  11 orc wizards
  3 white imps (IceCv)
  6 ufetubi (IceCv)
  A worm (D:2)
  58 orcs
  A goblin (D:9)
  14 fungi
  12 plants
  A tentacle (Shoals:4)
  24 withered plants (Crypt:3)
208 creatures vanquished.

Grand Total: 2538 creatures vanquished

Notes
Turn   | Place    | Note
-------+----------+-------------------------------------------
     0 | D:1      | Angani the Hill Orc Gladiator began the quest for the Orb.
     0 | D:1      | Reached XP level 1. HP: 18/18 MP: 1/1
   236 | D:1      | Reached XP level 2. HP: 25/25 MP: 2/2
   247 | D:1      | Reached skill level 5 in Axes
   429 | D:1      | Reached XP level 3. HP: 30/30 MP: 3/3
   998 | D:2      | Found a hide-covered altar of Uskayaw.
  1011 | D:2      | Noticed Sigmund
  1108 | D:2      | Noticed Ijyb
  1122 | D:2      | Killed Ijyb
  1122 | D:2      | Reached XP level 4. HP: 37/37 MP: 4/4
  1194 | D:2      | Noticed a hand axe
  1194 | D:2      | Noticed a hand axe
  1195 | D:2      | Noticed Jessica
  1200 | D:2      | Killed Jessica
  1388 | D:2      | Noticed Sigmund
  1388 | D:2      | Sigmund changed into Sigmund the scorpion
  1409 | D:2      | Killed Sigmund the scorpion
  1409 | D:2      | Reached XP level 5. HP: 18/42 MP: 5/5
  2092 | D:2      | Reached skill level 1 in Armour
  2175 | D:2      | Found a sparkling altar of Nemelex Xobeh.
  2373 | D:3      | Found a shadowy altar of Dithmenos.
  2502 | D:3      | Noticed an ogre
  2674 | D:2      | Reached XP level 6. HP: 50/50 MP: 6/6
  3459 | D:3      | Gained mutation: You regenerate slowly when monsters are visible. [potion of mutation]
  3459 | D:3      | Gained mutation: Your movements are slightly less encumbered by armour. (ER -2) [potion of mutation]
  3490 | D:3      | Found a blossoming altar of Fedhas.
  3668 | D:3      | Found a deep blue altar of Sif Muna.
  3720 | D:3      | Reached skill level 5 in Armour
  3720 | D:3      | Reached XP level 7. HP: 48/56 MP: 7/7
  3912 | D:4      | Found Cudeadue's Antique Weapon Shop.
  3970 | D:4      | Reached skill level 1 in Shields
  4449 | D:4      | Noticed a hungry ghost
  4469 | D:4      | Killed a hungry ghost
  4469 | D:4      | Reached skill level 5 in Shields
  4565 | D:5      | Entered Level 5 of the Dungeon
  4574 | D:5      | Reached XP level 8. HP: 56/63 MP: 8/8
  4601 | D:5      | Reached skill level 5 in Fighting
  4604 | D:5      | Gained mutation: Your muscles are strong. (Str +2) [mutagenic meat]
  4605 | D:5      | Gained mutation: You are partially covered in thin metallic scales. (AC +2) [mutagenic meat]
  4773 | D:5      | Noticed Edmund
  4885 | D:4      | Killed Edmund
  5393 | D:5      | Reached XP level 9. HP: 81/81 MP: 9/9
  6628 | D:6      | Found a burning altar of Makhleb.
  6629 | D:6      | Found an iron altar of Okawaru.
  6832 | D:7      | Found a staircase to the Ecumenical Temple.
  6848 | Temple   | Entered the Ecumenical Temple
  7184 | D:7      | Paralysed by fainting for 9 turns
  7607 | D:7      | Reached skill level 10 in Armour
  8287 | D:8      | Reached XP level 10. HP: 81/88 MP: 10/10
  8658 | D:8      | Noticed a two-headed ogre
  8939 | D:7      | Killed a two-headed ogre
  9147 | D:8      | Got a thick robe
  9334 | D:8      | Found Gostreu's Jewellery Emporium.
  9353 | D:8      | Bought an uncursed ring of see invisible for 210 gold pieces
  9353 | D:8      | Bought a +2 ring of evasion for 140 gold pieces
  9387 | D:8      | Found Betusmuog's Weapon Shoppe.
  9547 | D:8      | Identified the +1 robe of Life {rC+ MP+9 Dex+4} (You found it on level 8 of the Dungeon)
  9641 | D:8      | Found a sacrificial altar of Ru.
  9935 | D:9      | Became a worshipper of Beogh the Brigand
  9958 | D:9      | Reached skill level 10 in Shields
 10159 | D:9      | Found a staircase to the Orcish Mines.
 10777 | D:9      | Found a hazy altar of Hepliaklqana.
 10797 | D:9      | Found a shimmering altar of Xom.
 10965 | D:10     | Entered Level 10 of the Dungeon
 11375 | D:10     | Reached skill level 10 in Axes
 11414 | D:10     | Reached * piety under Beogh
 11414 | D:10     | Reached XP level 11. HP: 64/94 MP: 11/11
 11842 | D:10     | Reached skill level 10 in Fighting
 12124 | D:10     | Found a staircase to the Lair.
 12386 | D:10     | Found a shattered altar of Ashenzari.
 12390 | D:10     | Saw a vision of the Shoals and the Spider Nest.
 12390 | D:10     | Noticed a sea snake
 12390 | D:10     | Noticed a sea snake
 12723 | D:10     | Found Kutunoit's Gadget Boutique.
 12858 | D:10     | Reached ** piety under Beogh
 12868 | D:10     | Noticed an unseen horror
 12903 | D:10     | Killed an unseen horror
 13005 | Lair:1   | Entered Level 1 of the Lair of Beasts
 14478 | Lair:2   | Found a hole to the Spider Nest.
 14494 | Lair:1   | Reached XP level 12. HP: 109/110 MP: 12/12
 14909 | Lair:2   | Noticed Sonja
 15396 | Lair:2   | Killed Sonja
 16247 | Lair:3   | Reached skill level 15 in Axes
 16488 | Lair:3   | Found a staircase to the Shoals.
 17707 | Lair:4   | Noticed a four-headed hydra
 17894 | Orc:1    | Entered Level 1 of the Orcish Mines
 18009 | Orc:1    | Reached *** piety under Beogh
 18061 | Orc:1    | Found a frozen archway.
 18075 | IceCv    | Entered an ice cave
 18153 | IceCv    | Killed a reaper
 18896 | IceCv    | Got an ichor-stained robe
 18918 | IceCv    | Identified the +1 robe of the Apprentice {*Slow +Blink rC+} (You found it in an ice cave)
 19046 | Orc:1    | Reached XP level 13. HP: 116/116 MP: 13/13
 19466 | Orc:2    | Entered Level 2 of the Orcish Mines
 19593 | Orc:2    | Found a burning altar of Makhleb.
 19657 | Orc:2    | Found a roughly hewn altar of Beogh.
 19659 | Orc:2    | Found Alaqu's Distillery.
 20087 | Orc:2    | Found a roughly hewn altar of Beogh.
 20097 | Orc:2    | Reached **** piety under Beogh
 20101 | Orc:2    | Found Qavuagient's Food Boutique.
 20194 | Orc:2    | Found a roughly hewn altar of Beogh.
 20274 | Orc:2    | Noticed an orc warlord
 20277 | Orc:2    | Gained Grimold as an ally
 20289 | Orc:2    | Killed an orc warlord
 20303 | Orc:2    | Found Geugid's Antique Weapon Shop.
 20305 | Orc:2    | Found a roughly hewn altar of Beogh.
 20493 | Orc:2    | Found Laclih's Antique Armour Boutique.
 20585 | Orc:2    | Bought an ancient cloak for 247 gold pieces
 20591 | Orc:2    | Bought a steaming hand axe for 200 gold pieces
 20593 | Orc:2    | Identified the +3 hand axe "Osuivyub" {venom, Int+3} (You bought it in a shop on level 2 of the Orcish Mines)
 20601 | Orc:2    | Identified the +4 cloak "Egaj" {Int+2 SInv} (You bought it in a shop on level 2 of the Orcish Mines)
 20693 | Orc:2    | Found a staircase to the Elven Halls.
 21427 | D:10     | Reached skill level 1 in Invocations
 21766 | Lair:4   | Reached ***** piety under Beogh
 22653 | Lair:5   | Reached skill level 5 in Invocations
 23375 | Lair:6   | Entered Level 6 of the Lair of Beasts
 23750 | Lair:6   | Found a staircase to the Slime Pits.
 23755 | Lair:6   | Found a viscous altar of Jiyva.
 23935 | Lair:6   | Reached skill level 10 in Invocations
 24336 | Lair:6   | Reached XP level 14. HP: 119/124 MP: 17/22
 24375 | Lair:6   | Found a burning altar of Makhleb.
 24642 | Lair:6   | Found a gateway to Hell.
 25286 | D:11     | Noticed Erica
 25291 | D:11     | Killed Erica
 25316 | D:11     | Found a labyrinth entrance.
 25327 | Lab      | Entered a labyrinth
 25768 | Lab      | Identified the Papyrus of the Frostbite and Venom
 25768 | Lab      | Identified Sif Muna's Tome of Flying Unholy Magic
 25795 | Lab      | Got a translucent ring mail
 25806 | Lab      | Identified the +3 ring mail "Durroupp" {MR+ Int+4} (You found it in a labyrinth)
 25824 | D:11     | Noticed Snorg
 25835 | D:11     | Killed Snorg
 26023 | D:11     | Found Hufutia's Armour Boutique.
 26026 | D:11     | Bought a +2 pair of boots of flying for 301 gold pieces
 26192 | D:11     | Killed Grum
 26663 | D:11     | Noticed a frost giant
 27096 | D:12     | Noticed Giannetos's ghost (journeyman GrEE)
 27102 | D:12     | Killed Giannetos's ghost
 27915 | D:13     | Noticed Frances
 27922 | D:13     | Killed Frances
 27922 | D:13     | Reached skill level 15 in Invocations
 28161 | D:13     | Found a gate to the Vaults.
 28329 | D:13     | Gained Brandogh as an ally
 28691 | D:13     | Gained Herok as an ally
 28722 | D:13     | Your ally Brandogh died
 29397 | D:14     | Reached ****** piety under Beogh
 29915 | D:14     | Reached XP level 15. HP: 134/134 MP: 27/27
 29996 | D:14     | Gained Wardok as an ally
 30244 | D:15     | Entered Level 15 of the Dungeon
 30455 | D:15     | Found a staircase to the Depths.
 30669 | D:15     | Got a pitted shortbow
 31170 | Lair:2   | Identified the +5 shortbow of Talon {flame, rPois} (You found it on level 15 of the Dungeon)
 31278 | D:8      | Bought the ring of Awe {rPois MP+9 Str+4} for 554 gold pieces
 31509 | Spider:1 | Entered Level 1 of the Spider Nest
 31864 | Spider:1 | Noticed an emperor scorpion
 31877 | Spider:1 | Killed an emperor scorpion
 33164 | Spider:2 | Your ally Wardok died
 33269 | Spider:2 | Noticed an emperor scorpion
 33280 | Spider:2 | Killed an emperor scorpion
 33280 | Spider:2 | Reached skill level 15 in Fighting
 34288 | Spider:3 | Noticed an emperor scorpion
 34294 | Spider:3 | Killed an emperor scorpion
 34638 | Spider:3 | Noticed an emperor scorpion
 34648 | Spider:3 | Killed an emperor scorpion
 34648 | Spider:3 | Reached skill level 15 in Armour
 35087 | Spider:4 | Entered Level 4 of the Spider Nest
 35087 | Spider:4 | Noticed an emperor scorpion
 35172 | Spider:4 | Gained Borgoth as an ally
 35213 | Spider:4 | Gained Morun as an ally
 35228 | Spider:4 | Killed an emperor scorpion
 35244 | Spider:4 | Noticed an emperor scorpion
 35252 | Spider:4 | Killed an emperor scorpion
 35512 | Spider:4 | Noticed a ghost moth
 35514 | Spider:4 | Killed a ghost moth
 35647 | Spider:4 | Reached XP level 16. HP: 149/149 MP: 28/28
 35916 | Spider:4 | Your ally Grimold died
 35919 | Spider:4 | Your ally Herok died
 35928 | Spider:4 | Your ally Morun died
 36870 | Spider:4 | Got a gossamer rune of Zot
 37124 | Shoals:1 | Entered Level 1 of the Shoals
 37124 | Shoals:1 | Found Xanaagey's Antique Armour Boutique.
 37563 | Shoals:1 | Noticed Donald
 37568 | Shoals:1 | Killed Donald
 37820 | Shoals:1 | Reached skill level 5 in Dodging
 38918 | Shoals:4 | Entered Level 4 of the Shoals
 40310 | Shoals:4 | Got a heavily jewelled robe
 40432 | Shoals:4 | Reached XP level 17. HP: 64/159 MP: 29/29
 40736 | Shoals:3 | Identified the +2 robe of the Wheelwright {rPois Int+4} (You found it on level 4 of the Shoals)
 41120 | Shoals:4 | Got a crystal war axe
 41121 | Shoals:4 | Identified the +10 war axe of the Fifty Hells {chop, rElec rF+} (You found it on level 4 of the Shoals)
 41663 | Shoals:4 | Got a barnacled rune of Zot
 41984 | Vaults:1 | Entered Level 1 of the Vaults
 42220 | Vaults:1 | Identified a scroll of acquirement
 42251 | Vaults:1 | Got a translucent sapphire amulet
 42252 | Vaults:1 | Identified the amulet "Halyiw" {*Drain rF+ rN++ Regen+} (You acquired it on level 1 of the Vaults)
 43746 | Vaults:1 | Your ally Borgoth died
 43753 | Vaults:1 | Gained Brandogh as an ally
 43753 | Vaults:1 | Reached XP level 18. HP: 41/178 MP: 30/30
 44424 | Vaults:2 | Noticed Sojobo
 44570 | Vaults:2 | Found a magical portal.
 44588 | WizLab   | Entered The Chambers of the Cloud Mage
 45255 | WizLab   | Noticed Ofirphah
 45267 | WizLab   | Killed Ofirphah the Cloud Mage
 45441 | WizLab   | Identified the Collected Works on Flight
 45450 | WizLab   | Learned a level 1 spell: Apportation
 45452 | WizLab   | Learned a level 1 spell: Summon Butterflies
 45464 | WizLab   | Identified the Tome of Flight
 45792 | Vaults:2 | Killed Sojobo
 47058 | Vaults:3 | Found Notuwkir's Book Shoppe.
 47090 | Vaults:3 | Reached XP level 19. HP: 174/185 MP: 31/31
 47227 | Vaults:3 | Got a faintly glowing golden ring
 47228 | Vaults:3 | Identified the ring "Cuokha" {+Inv MR+} (You acquired it on level 3 of the Vaults)
 47760 | Vaults:3 | Reached skill level 15 in Shields
 47866 | Vaults:3 | Noticed Xtahua
 47880 | Vaults:3 | Killed Xtahua
 47928 | Vaults:3 | Noticed Frederick
 47942 | Vaults:3 | Killed Frederick
 48106 | Vaults:3 | Gained Arbolt as an ally
 48527 | Vaults:3 | Gained Syrus as an ally
 48916 | Vaults:3 | Found a staircase to the Crypt.
 49237 | Vaults:4 | Found Yfrecewy's Assorted Antiques.
 49245 | Vaults:4 | Bought a potion of might for 76 gold pieces
 49245 | Vaults:4 | Bought a scroll of blinking for 142 gold pieces
 49489 | Vaults:4 | Found Zifuh's Jewellery Shoppe.
 50017 | Vaults:4 | Noticed Aizul
 50031 | Vaults:4 | Killed Aizul
 50056 | Vaults:4 | Reached XP level 20. HP: 181/193 MP: 32/32
 50096 | Vaults:4 | Noticed Jory
 50109 | Vaults:4 | Killed Jory
 50314 | Vaults:4 | Found Acziwn's Gadget Emporium.
 50333 | Vaults:4 | Found Rycamnal's Gadget Shop.
 50714 | Vaults:4 | Found Gerown's Food Shoppe.
 50994 | Crypt:1  | Entered Level 1 of the Crypt
 52688 | Crypt:2  | Gained Marbaugh as an ally
 52765 | Crypt:2  | Identified the +6 hand axe of Giesaiv {drain, rPois} (You found it on level 2 of the Crypt)
 52885 | Crypt:3  | Entered Level 3 of the Crypt
 53285 | Crypt:3  | Noticed a bone dragon
 53298 | Crypt:3  | Killed a bone dragon
 53298 | Crypt:3  | Reached XP level 21. HP: 189/201 MP: 33/33
 53435 | Crypt:3  | Your ally Marbaugh died
 53932 | Crypt:3  | Found an ancient bone altar of Kikubaaqudgha.
 53937 | Crypt:3  | Paralysed by a lich for 5 turns
 54004 | Crypt:3  | Noticed an ancient lich
 54020 | Crypt:3  | Killed an ancient lich
 54170 | Crypt:3  | Identified the Incunabulum of Twisted Heat
 54314 | Crypt:3  | Identified the Collected Works on the Entourage
 54459 | Crypt:3  | Noticed Mara
 54465 | Crypt:3  | Noticed Angani's illusion
 54493 | Crypt:3  | Noticed Angani's illusion
 54493 | Crypt:3  | Killed Mara
 54731 | Crypt:3  | Found a staircase to the Tomb.
 55362 | Depths:1 | Entered Level 1 of the Depths
 56084 | Depths:1 | Found a one-way gate to the infinite horrors of the Abyss.
 56223 | Depths:1 | Found a one-way gate leading to the halls of Pandemonium.
 56281 | Depths:2 | Reached XP level 22. HP: 209/209 MP: 36/36
 56426 | Depths:2 | Noticed the Enchantress
 56440 | Depths:2 | Killed the Enchantress
 56717 | Depths:2 | Got a sapphire hand axe {flame}
 56718 | Depths:2 | Identified the cursed +1 hand axe "Hinyesai" {flame, Dex+2} (You took it off a tengu warrior on level 2 of the Depths)
 56830 | Depths:2 | Identified the +1 chain mail "Unyhoh" {rN+} (You found it on level 2 of the Depths)
 57960 | Depths:3 | Found Doph's Assorted Antiques.
 57980 | Depths:3 | Bought a scroll of blinking for 292 gold pieces
 57980 | Depths:3 | Bought a potion of heal wounds for 195 gold pieces
 57980 | Depths:3 | Bought a scroll of enchant armour for 292 gold pieces
 59021 | Depths:4 | Reached XP level 23. HP: 215/216 MP: 37/37
 59074 | Depths:4 | Found a deep blue altar of Sif Muna.
 59182 | Depths:4 | Found a bloodstained altar of Trog.
 59599 | Depths:4 | Your ally Brandogh died
 59632 | Depths:4 | Noticed Jorgrun
 59643 | Depths:4 | Killed Jorgrun
 59651 | Depths:4 | Found a radiant altar of Vehumet.
 59769 | Depths:4 | Noticed a juggernaut
 59781 | Depths:4 | Killed a juggernaut
 59785 | Depths:4 | Noticed a golden dragon
 59799 | Depths:4 | Killed a golden dragon
 59806 | Depths:4 | Your ally Syrus died
 60158 | Depths:4 | Found a hazy altar of Hepliaklqana.
 61163 | Depths:5 | Entered Level 5 of the Depths
 62000 | Depths:5 | Your ally Syrus died
 62187 | Depths:5 | Found a gateway to a ziggurat.
 62396 | Depths:5 | Reached XP level 24. HP: 183/224 MP: 37/37
 62811 | Depths:5 | Found a gate to the Realm of Zot.
 63381 | Vaults:5 | Entered Level 5 of the Vaults
 63646 | Vaults:5 | Paralysed by a lich for 5 turns
 63971 | Vaults:5 | Your ally Syrus died
 64021 | Vaults:4 | Gained Bogric as an ally
 64631 | Vaults:5 | Your ally Bogric died
 64635 | Vaults:4 | Reached skill level 27 in Axes
 65700 | Vaults:5 | Gained Milork as an ally
 65704 | Vaults:5 | Reached XP level 25. HP: 202/235 MP: 37/37
 65744 | Vaults:5 | Got a silver rune of Zot
 66140 | Vaults:5 | Your ally Milork died
 66165 | Vaults:5 | Gained Morguth as an ally
 66409 | Vaults:5 | Identified the Tome of Sinister Feathers
 68262 | Zot:1    | Entered Level 1 of the Realm of Zot
 68279 | Zot:1    | Noticed an orb of fire
 68281 | Zot:1    | Your ally Morguth died
 68295 | Zot:1    | Killed an orb of fire
 70228 | Zot:5    | Entered Level 5 of the Realm of Zot
 70352 | Zot:5    | Noticed an ancient lich
 70363 | Zot:5    | Killed an ancient lich
 70515 | Zot:5    | Noticed a Killer Klown
 70517 | Zot:5    | Noticed a Killer Klown
 70532 | Zot:5    | Killed a Killer Klown
 70532 | Zot:5    | Reached XP level 26. HP: 172/245 MP: 39/39
 70697 | Zot:5    | Got the Orb of Zot
 70715 | Zot:5    | Noticed an orb of fire
 70716 | Zot:5    | Noticed an orb of fire
 70727 | Zot:5    | Your ally Arbolt died
 70937 | Depths:5 | Noticed Zami the pandemonium lord
 71153 | D:14     | Reached skill level 27 in Invocations
 71532 | D:$      | Escaped with the Orb!

Vault maps used:
D:1:      lemuel_arrival_broad_hall, minmay_tromino_v4_c
D:2:      dancing_weapons_uskayaw, nemelex_altar_shiori, uniq_iyjb,
          uniq_sigmund, uniq_jessica
D:3:      tgw_sif, lemuel_round_altar, lemuel_crystal_altar, serial_undead,
          serial_undead_b, serial_undead_d, serial_undead_a, serial_undead_a
D:4:      serial_shops, nicolae_shop_waterfront, first_bread
D:5:      minmay_misc_feat_pillars, uniq_edmund
D:6:      gammafunk_temple_overflow_pools
D:7:      old_forge, minmay_temple_entry_purple_smoke
D:8:      kennysheep_mini, serial_shops, shop, nicolae_shop_waterfront
D:9:      lemuel_round_altar, old_standard_altar, erik_orc_4
D:10:     minmay_lair_entry_lava, serial_shops, nicolae_shop_statue_plus,
          grunt_ogre_cave, grunt_ashenzari_visionary
D:11:     lab_entry_generic, serial_shops, kennysheep_mini_moat,
          hangedman_decor_opposing, evilmike_minifort, uniq_erica, uniq_snorg,
          uniq_grum
D:12:     serial_column_ruins, column_ruins_square_medium,
          column_ruins_hut_ruined, column_ruins_grid_3, column_ruins_grid_1,
          column_ruins_grid_1, column_ruins_corridor_straight,
          column_ruins_grid_1, column_ruins_grid_4, column_ruins_grid_1
D:13:     david_vaults_1, minmay_door_square, uniq_frances
D:15:     hangedman_depths_entry_civil_slaughter, minmay_misc_feat_tiny
Temple:   minmay_temple_curvy_loop
Lair:1:   beast_lair_carwin_3, grunt_megastairs_4
Lair:2:   dummy_spider_entry, uniq_sonja
Lair:3:   minmay_shoals_entry_beasts
Lair:4:   nicolae_quartered_pool_super, small_statue_intersection
Lair:5:   grunt_forest_small_clearings, eino_small_chamber_without_monster,
          grunt_forest_large_clearing_hut, lemuel_fruit_fields,
          serial_bayou_shore_b
Lair:6:   evil_forest, slime_altar_1, lemuel_old_faithful,
          minmay_lair_oklob_chamber, lemuel_fruit_tree
Shoals:1: serial_shops, nicolae_shop_waterfront,
          nicolae_shoals_siren_and_animal_friends, uniq_donald
Shoals:2: serial_shops, shop_statue, nicolae_shoals_drake_roost,
          uniq_polyphemus, uniq_louise
Shoals:3: yaktaur_hedge
Shoals:4: shoals_end_grunt_ice, shoal_ilsuiw, lemuel_centaur_altar
Spider:4: grunt_spider_rune_circles
Orc:1:    portal_ice_cave_entry_pillars_1
Orc:2:    grunt_orc_community_town_hall, grunt_orc_community_big_house_2,
          grunt_orc_community_big_house_1, grunt_orc_community_house_1,
          grunt_orc_community_house_3, grunt_orc_community_house_1,
          grunt_orc_community_house_3, grunt_orc_community_house_2,
          lemuel_statue_altar
Vaults:1: vaults_standard_mumra_enter_the_diamond, v_misc_4,
          hangedman_vaults_pinch, vaults_standard_mumra_x, vaults_dpeg_ring,
          vaults_dpeg_cross, ontoclasm_vaults_ligature, hangedman_vaults_corner,
          v_rooms_5, st_eye, nicolae_vaults_circle_grid_a
Vaults:2: vaults_mumra_hexcomb, nicolae_vaults_stairing_the_circle,
          ontoclasm_vaults_decontamination, ontoclasm_vaults_ring_large,
          v_misc_33, vaults_room_semicircle, nicolae_vaults_little_squares_6,
          nicolae_vaults_ring_of_whatevers, nicolae_vaults_little_squares_6,
          infiniplex_enter_wizlab_glasses, uniq_sojobo
Vaults:3: v_misc_32, nicolae_vaults_what_the_h,
          nicolae_vaults_ring_of_whatevers, vaults_mumra_hex,
          hangedman_vaults_slice, hangedman_vaults_stitches,
          nicolae_vaults_border_crossing, vaults_room_hallway,
          blue_anna_dwarven_crypt, nicolae_vaults_an_arrangement,
          nicolae_vaults_asterisk, serial_shops, shop, uniq_frederick,
          uniq_xtahua
Vaults:4: v_misc_33, vaults_room_fancy_cross, vaults_mumra_chevron_long,
          vaults_room_stairs_pillars, hangedman_vaults_maws,
          nicolae_vaults_know_your_exits, vaults_room_fours, serial_shops,
          nicolae_shop_waterfront, shop, shop, shop, shop, uniq_aizul, uniq_jory
Vaults:5: serial_shops
Crypt:1:  grunt_crypt_arrival_split, grunt_megastairs_3
Crypt:2:  minmay_skeleton_keep, grunt_megastairs_1
Crypt:3:  quadcrypt_mu, uniq_mara
Depths:1: rand_demon_pan_entry_4, hangedman_abyss_entry_splay, hell_entry,
          spider_trap, minislime_mu
Depths:2: minmay_two_paths, grunt_hell_entry_dis_grunt,
          grunt_pan_entry_in_and_out, serial_sigils,
          serial_sigils_hangedman_gut, serial_sigils_hangedman_gnaw,
          serial_sigils_hangedman_stare, serial_sigils_hangedman_snap,
          uniq_enchantress
Depths:3: minmay_outward_triangles, nrook_mini_vaults, pf_dread_powers_of_hell,
          serial_shops, shop_statue, pan_entry, infiniplex_staircase_pool_1,
          serial_bayou_shore_b, serial_bayou_shore_b
Depths:4: grunt_profane_halls, hell_entry, serial_shops, abyss_entry,
          uniq_jorgrun
Depths:5: evilmike_zot_entry_hall, enter_ziggurat_e, hell_entry
Zot:3:    st_large_dragon_hoard_3, lemuel_elevator
Zot:4:    stair_cage_line, hangedman_elemental_corridor
IceCv:    ice_cave_small_demon
WizLab:   wizlab_cloud

Skill      XL: |  1  2  3  4  5  6  7  8  9 10 11 12 13 14 15 16 17 18 19 20 21 22 23 24 25 26 |
---------------+-------------------------------------------------------------------------------+-----
Axes           | 5 6 7 8 10 13 15 16 18 20 24 27 | 27.0
Armour         | 2 5 10 13 14 15 16 18 20 | 20.1
Shields        | 5 6 10 13 17 20 | 20.0
Fighting       | 3 8 11 12 15 16 20 21 | 21.9
Invocations    | 11 16 17 20 25 27 | 27.0
Dodging        | 6 |  6.0
Throwing       | |  1.7

Action                   |  1- 3 |  4- 6 |  7- 9 | 10-12 | 13-15 | 16-18 | 19-21 | 22-24 | 25-27 || total
-------------------------+-------+-------+-------+-------+-------+-------+-------+-------+-------++-------
Melee: War axe           |    57 |   226 |   437 |   836 |       |   166 |  1236 |   961 |   500 ||  4419
       Unarmed           |     5 |       |     3 |       |       |       |       |       |       ||     8
       Broad axe         |       |       |       |   267 |   350 |       |       |       |       ||   617
       Executioner's axe |       |       |       |       |   525 |   690 |       |       |       ||  1215
Throw: Throwing net      |       |     3 |       |       |       |       |       |       |       ||     3
Invok: Convert to Beogh  |       |       |       |     1 |       |       |       |       |       ||     1
       Recall Orcish Fol |       |       |       |       |    62 |    23 |    18 |    18 |     8 ||   129
       Smiting           |       |       |       |       |     6 |    16 |    14 |    14 |     8 ||    58
       Stop Recall       |       |       |       |       |     1 |       |       |       |       ||     1
       Give Item to Name |       |       |       |       |       |     1 |     2 |       |     2 ||     5
       Resurrection      |       |       |       |       |       |     1 |     1 |     2 |       ||     4
 Abil: Stop Flying       |       |       |       |       |     2 |       |       |       |       ||     2
       Evoke Flight      |       |       |       |       |     1 |       |       |       |       ||     1
Evoke: Wand              |       |     2 |       |     8 |       |     8 |       |       |     1 ||    19
       Phantom mirror    |       |       |       |     1 |       |       |       |       |       ||     1
       Lightning rod     |       |       |       |       |       |       |     4 |       |       ||     4
       Lamp of fire      |       |       |       |       |       |       |       |     1 |       ||     1
  Use: Scroll            |     1 |     3 |     2 |    19 |    23 |    11 |     7 |     6 |     7 ||    79
       Potion            |       |     2 |     2 |     7 |       |    15 |     4 |     6 |     2 ||    38
 Stab: Held in net/web   |       |       |     1 |       |       |       |       |       |       ||     1
       Distracted        |       |       |       |     1 |    10 |    10 |    11 |    19 |    12 ||    63
       Paralysed         |       |       |       |       |       |       |    10 |       |       ||    10
       Invisible         |       |       |       |       |       |       |       |    11 |       ||    11
  Eat: Chunk             |       |     9 |    13 |    19 |    10 |    15 |    11 |    12 |       ||    89
       Meat ration       |       |       |     3 |       |     6 |     4 |     4 |     2 |     3 ||    22
       Royal jelly       |       |       |     1 |     3 |     1 |     1 |       |     5 |     1 ||    12
       Fruit             |       |       |     1 |     8 |    15 |       |       |       |     7 ||    31
       Bread ration      |       |       |       |     1 |       |       |       |       |       ||     1
Armor: Leather armour    |    10 |       |       |       |       |       |       |       |       ||    10
       Scale mail        |    10 |   107 |   213 |       |       |       |       |       |       ||   330
       Plate armour      |       |       |    22 |   302 |       |       |       |       |       ||   324
       Storm dragon scal |       |       |       |   129 |   542 |   726 |   175 |   279 |   113 ||  1964
Dodge: Dodged            |    38 |    82 |   146 |   381 |   478 |   670 |   133 |   181 |    77 ||  2186
Block: Shield            |       |    62 |   238 |   605 |   247 |       |       |       |       ||  1152
       Other             |       |       |       |       |   201 |   166 |       |       |       ||   367
       Reflection        |       |       |       |       |     5 |    28 |       |       |       ||    33
       Large shield      |       |       |       |       |       |   206 |  1133 |  1257 |   542 ||  3138
